 Dungeon Crawl Stone Soup version 0.31-a0-202-g547052bce9 (webtiles) character file.

Game seed: 14199439466972911303

69 lunkers the Chopper (level 4, -3/38 HPs)
             Began as a Meteoran Wanderer on June 26, 2023.
             Killed from afar by Sigmund (6 damage)
             ... with a magic dart
             ... on level 2 of the Dungeon.
             The game lasted 00:01:16 (851 turns).

lunkers the Chopper (Meteoran Wanderer)              Turns: 851, Time: 00:01:17

Health: -3/38      AC:  5    Str: 19 (20) XL:     4   Next: 70%
Magic:  5/5        EV: 10    Int:  9 (11) God:
Gold:   52         SH:  4    Dex:  9 (11) Spells: 3/3 levels left

rFire   . . .        a - +0 war axe
rCold   . . .        c - +0 buckler
rNeg    . . .        e - +0 leather armour
rPois   .            (no helmet)
rElec   .            n - +0 cloak
rCorr   .            j - +0 pair of gloves
SInv    .            (no boots)
Will    .....        (no amulet)
Stlth   +            (no ring)
HPRegen 0.26/turn    (no ring)
MPRegen 0.09/turn

%: no passive effects
@: glowing
A: sense surroundings 1, otherworldly, glowing, explore regen
a: no special abilities


You were on level 2 of the Dungeon.
You visited 1 branch of the dungeon, and saw 2 of its levels.

You collected 52 gold pieces.

Inventory:

Hand Weapons
 a - a +0 war axe (weapon)
 b - a +0 mace
 m - a +2 quarterstaff of chaos
Armour
 c - a +0 buckler (worn)
 e - a +0 leather armour (worn)
 j - a +0 pair of gloves (worn)
 n - a +0 cloak (worn)
Scrolls
 d - a scroll of butterflies
 f - 4 scrolls of immolation {unknown}
 g - a scroll of torment {unknown}
 h - 2 scrolls of identify {unknown}
 k - 2 scrolls of noise {unknown}
 l - 2 scrolls of revelation {unknown}
 o - a scroll of enchant weapon {unknown}


   Skills:
 - Level 3.2 Fighting
 + Level 5.3 Axes
 - Level 1.3(3.9) Maces & Flails
 - Level 2.4 Armour
 - Level 2.4 Shields


You had 3 spell levels left.
You didn't know any spells.
Your spell library contained the following spells:

 Spells                   Type           Power      Damage    Failure   Level
 Dazzling Flash           Conj/Hex       0%         N/A       88%         3
 Volatile Blastmotes      Fire/Tloc      0%         2d10      88%         3
 Fulminant Prism          Conj/Hex       0%         3d5       99%         4
 Iskenderun's Mystic Bla  Conj/Tloc      0%         2d3       99%         4
 Agony                    Necr           0%         N/A       100%        5
 Lee's Rapid Deconstruct  Erth           0%         3d4*      100%        5
 Silence                  Hex/Air        0%         N/A       100%        5


Dungeon Overview and Level Annotations

Branches:
Dungeon (2/15) Zot: 325

Altars:

Annotations:
D:2 Sigmund


Innate Abilities, Weirdness & Mutations

You passively map a small area around you.
You are easily found by Zot.
You glow in the dark.
You regain HP and MP as you explore.


Message History

Unknown command.
You hit Sigmund but do no damage.
You feel less confused. You block Sigmund's attack.
Unknown command.
You barely miss Sigmund. Sigmund hits you with a +0 scythe.
Unknown command.
You hit Sigmund but do no damage. Sigmund gestures at you while chanting.
You resist with some effort.
Unknown command.
You completely miss Sigmund. Sigmund closely misses you.
Unknown command.
You barely miss Sigmund.
Sigmund zaps a wand.
The puff of flame hits you.
* * * LOW HITPOINT WARNING * * *
You closely miss Sigmund.
Sigmund is suddenly surrounded by pale blue light.
Sigmund zaps a wand.
The puff of flame hits you!
* * * LOW HITPOINT WARNING * * *
The now-empty wand crumbles to dust.
It was a potion of degeneration.
There was something very wrong with that liquid.
You feel weakened.
You feel dopey.
You feel clumsy. Sigmund hits you with a +0 scythe!
* * * LOW HITPOINT WARNING * * *
Unknown command.
Unknown command.
You hit Sigmund.
Sigmund is lightly wounded.
Sigmund closely misses you.
Unknown command.
You hit Sigmund.
Sigmund is moderately wounded.
Sigmund hits you with a +0 scythe.
* * * LOW HITPOINT WARNING * * *
You barely miss Sigmund.
Sigmund is moderately wounded.
Sigmund casts a spell at you. The magic dart hits you.
You die...

###########
#..@@......
#.#######..,
######.#### * , *
####.........# #.#
##<...####.##.########
#.# #####.....#
#.##........# #.#
.).†......#
#......####.#####.#
#####.....# ######.#
#.#.....# ..........#
#....####.#.###.#


You could see Sigmund.

Vanquished Creatures
  Crazy Yiuf (D:2)
  2 adders (D:2)
  A worm (D:2)
  A dart slug (D:1)
  2 ball pythons
  An endoplasm (D:2)
  A hobgoblin (D:1)
  2 bats
  3 frilled lizards
  4 kobolds (D:2)
  3 rats (D:1)
21 creatures vanquished.

Notes
Turn   | Place    | Note
-------+----------+-------------------------------------------
     0 | D:1      | lunkers the Meteoran Wanderer began the quest for the Orb.
     0 | D:1      | lunkers set off with the following items: a +0 war axe, a
                  | +0 mace, a +0 buckler, a scroll of butterflies, a +0
                  | leather armour.
     0 | D:1      | Reached XP level 1. HP: 19/19 MP: 2/2
   275 | D:1      | Reached skill level 3 in Axes
   275 | D:1      | Reached XP level 2. HP: 26/26 MP: 3/3
   512 | D:2      | Reached XP level 3. HP: 27/31 MP: 4/4
   536 | D:2      | Reached skill level 4 in Axes
   684 | D:2      | Found a runed translucent door.
   685 | D:2      | Noticed Crazy Yiuf
   692 | D:2      | HP: 1/31 [Crazy Yiuf/+2 quarterstaff of chaos (1)]
   693 | D:2      | Killed Crazy Yiuf
   694 | D:2      | Reached skill level 5 in Axes
   694 | D:2      | Reached XP level 4. HP: 1/38 MP: 0/5
   832 | D:2      | Noticed Sigmund
   851 | D:2      | Killed from afar by Sigmund

Illustrated notes

Levels and vault maps discovered:
D:1:      nzn_arrival_depleted_hourglass, layout_loops_corners
D:2:      layout_loops_ring, chequers_serial_rivers_micro_c, minmay_tripent,
          uniq_sigmund, uniq_crazy_yiuf_cottage, uniq_terence, uniq_jessica

Skill      XL: |  1  2  3 |
---------------+----------+-----
Axes           | 3 5 |  5.3
Fighting       | |  3.2
Maces & Flails | |  1.3
Armour         | |  2.4
Shields        | |  2.4

Action                     |  1- 3 |  4- 6 || total
---------------------------+-------+-------++-------
  Melee: War axe           |    55 |    15 ||    70
    Use: Potion            |       |     1 ||     1
 Armour: Leather armour    |    19 |     2 ||    21
  Dodge: Dodged            |    18 |     5 ||    23
  Block: Buckler           |    10 |     3 ||    13

Table legend: (Time is in decaauts)
 A = Elapsed time spent in this place.
 B = Non-inter-level travel time spent in this place.
 C = Inter-level travel time spent in this place.
 D = Time resting spent in this place.
 E = Time spent auto-exploring this place.
 F = Levels seen in this place.
 G = Mean time per level.
                   A        B        C        D        E       F      G
               +--------+--------+--------+--------+--------+-----+--------+
         Total |    873 |    845 |     28 |      0 |    624 |   2 |  436.5 |
       Dungeon |    873 |    845 |     28 |      0 |    624 |   2 |  436.5 |
               +--------+--------+--------+--------+--------+-----+--------+

Top non-repeatable levels by time:
     D:1: 461 daAuts
     D:2: 411 daAuts
